[Event "ICC tourney 2266 (75 10)"]
[Site "Internet Chess Club"]
[Date "2021.01.02"]
[Round "1"]
[White "Openyagami"]
[Black "kunalsh"]
[Result "1-0"]
[ICCResult "Black resigns"]
[WhiteElo "2606"]
[BlackElo "2054"]
[Opening "English opening"]
[ECO "A20"]
[NIC "EO.14"]
[Time "11:02:39"]
[PlyCount "65"]
[TimeControl "4500+10"]

1. c4 e5 2. g3 g6 3. Bg2 Bg7 4. Nc3 Nf6 5. Nf3 d6 6. O-O O-O 7. b4 Be6 8.
d4 Bxc4 9. dxe5 dxe5 10. Nxe5 Nfd7 11. Nxc4 Bxc3 12. Bh6 c6 13. Nd6 Bg7 14.
Bxg7 Kxg7 15. Nxb7 Qb6 16. Nc5 Rd8 17. Qd4+ Nf6 18. Qc3 Nd7 19. Nxd7 Rxd7
20. Bxc6 Rc7 21. b5 Rd8 22. Rad1 Rxd1 23. Rxd1 Re7 24. Rd6 Re6 25. Rxe6
fxe6 26. Qe3 Qa5 27. Qxe6 Qe1+ 28. Kg2 Qb4 29. a4 h5 30. a5 Ng4 31. h3 Nf6
32. b6 axb6 33. a6 { Black resigns } 1-0

[Event "ICC tourney 2266 (75 10)"]
[Site "Internet Chess Club"]
[Date "2021.01.02"]
[Round "1"]
[White "Suraj240704"]
[Black "BreatheChessAls"]
[Result "1-0"]
[ICCResult "Black resigns"]
[WhiteElo "2163"]
[BlackElo "1941"]
[Opening "QGD Slav: Dutch variation"]
[ECO "D18"]
[NIC "SL.04"]
[Time "11:02:16"]
[PlyCount "58"]
[TimeControl "4500+10"]

1. d4 d5 2. c4 c6 3. Nf3 Nf6 4. Nc3 dxc4 5. a4 Bf5 6. e3 e6 7. Bxc4 Nbd7 8.
O-O Be7 9. Qe2 Ne4 10. Rd1 Ndf6 11. Ne5 O-O 12. f3 Nxc3 13. bxc3 h6 14. e4
Bh7 15. a5 a6 16. Ba3 Bxa3 17. Rxa3 Nh5 18. g3 Qg5 19. Qd2 Qe7 20. Rb3 Qc7
21. Rdb1 Rad8 22. Qa2 Rb8 23. Nd3 Qe7 24. Nc5 e5 25. Rxb7 Rxb7 26. Rxb7 Qg5
27. Bxf7+ Kh8 28. Ne6 Qc1+ 29. Kg2 Nf6 { Black resigns } 1-0

[Event "ICC tourney 2266 (75 10)"]
[Site "Internet Chess Club"]
[Date "2021.01.02"]
[Round "1"]
[White "binomialfactor"]
[Black "mchessmaster"]
[Result "1-0"]
[ICCResult "Black resigns"]
[WhiteElo "2176"]
[BlackElo "1955"]
[Opening "QGD: Janowski variation"]
[ECO "D31"]
[NIC "QP.08"]
[Time "11:02:17"]
[PlyCount "79"]
[TimeControl "4500+10"]

1. d4 d5 2. c4 e6 3. Nc3 a6 4. cxd5 exd5 5. Bf4 Nf6 6. e3 Bd6 7. Bg5 Be7 8.
Bd3 Nc6 9. Nge2 O-O 10. O-O h6 11. Bxf6 Bxf6 12. Nf4 Be6 13. Nxe6 fxe6 14.
Qg4 Qd6 15. Ne2 e5 16. Ng3 Be7 17. Nh5 g5 18. dxe5 Qxe5 19. Nf4 Bd6 20. g3
Ne7 21. h4 Kh8 22. Qh5 Qf6 23. Ng6+ Nxg6 24. Qxh6+ Kg8 25. Bxg6 Qg7 26.
Qxg5 Rf6 27. Qxd5+ Kh8 28. h5 Rxg6 29. hxg6 Qxg6 30. Qxb7 Rg8 31. Qf3 Rf8
32. Qe2 Rg8 33. Qf3 Rf8 34. Qh1+ Kg8 35. Qh4 Rf5 36. Kg2 Rh5 37. Qc4+ Kg7
38. Rh1 Rg5 39. Qd4+ Kf7 40. Rh3 { Black resigns } 1-0

[Event "ICC tourney 2266 (75 10)"]
[Site "Internet Chess Club"]
[Date "2021.01.02"]
[Round "1"]
[White "brilliantnessme"]
[Black "giorgibagaturov"]
[Result "0-1"]
[ICCResult "White checkmated"]
[WhiteElo "2032"]
[BlackElo "2481"]
[Opening "Sicilian: Richter-Rauzer, Rauzer attack, 7...a6"]
[ECO "B66"]
[NIC "SI.29"]
[Time "11:02:37"]
[PlyCount "80"]
[TimeControl "4500+10"]

1. e4 c5 2. Nf3 d6 3. d4 cxd4 4. Nxd4 Nf6 5. Nc3 Nc6 6. Bg5 e6 7. Qd2 a6 8.
O-O-O h6 9. Nxc6 bxc6 10. Bf4 d5 11. Qe3 Bb4 12. a3 Ba5 13. h4 Qe7 14. e5
Nd7 15. Qg3 Rg8 16. Ne2 Nc5 17. Nd4 Qb7 18. Nb3 Rb8 19. Qf3 Nxb3+ 20. Qxb3
Qxb3 21. cxb3 Rxb3 22. Kc2 Rb8 23. Be3 Bb6 24. Bxb6 Rxb6 25. b4 f6 26. f4
fxe5 27. fxe5 Rf8 28. Rd2 c5 29. bxc5 Rc6 30. Kb3 Rxc5 31. Bd3 a5 32. Kb2
Rf4 33. g3 Rf3 34. Bg6+ Ke7 35. Rd3 Rf2+ 36. Kb3 a4+ 37. Kb4 Rc4+ 38. Ka5
Rb2 39. Rf1 Rc5+ 40. Kxa4 Bd7# { White checkmated } 0-1

[Event "ICC tourney 2266 (75 10)"]
[Site "Internet Chess Club"]
[Date "2021.01.02"]
[Round "1"]
[White "chessw23"]
[Black "MrNormalName"]
[Result "0-1"]
[ICCResult "White resigns"]
[WhiteElo "1944"]
[BlackElo "2174"]
[Opening "Giuoco Piano"]
[ECO "C54"]
[NIC "IG.02"]
[Time "11:03:04"]
[PlyCount "60"]
[TimeControl "4500+10"]

1. e4 e5 2. Nf3 Nc6 3. Bc4 Bc5 4. c3 Nf6 5. d3 a6 6. a4 d6 7. O-O h6 8. Re1
O-O 9. Nbd2 Ng4 10. Re2 Kh8 11. h3 f5 12. exf5 Nxf2 13. Rxf2 d5 14. Bb3
Bxf5 15. d4 exd4 16. cxd4 Nxd4 17. Nxd4 Bxd4 18. Nf3 Bxf2+ 19. Kxf2 Be4 20.
Kg1 Qd6 21. Nh2 Qg3 22. Qd2 Qxb3 23. Ra3 Qb6+ 24. Qe3 Qxe3+ 25. Bxe3 a5 26.
Rb3 b6 27. Ng4 Rae8 28. Nf2 Bc2 29. Rc3 Bxa4 30. b3 Bb5 { White resigns }
0-1

[Event "ICC tourney 2266 (75 10)"]
[Site "Internet Chess Club"]
[Date "2021.01.02"]
[Round "1"]
[White "andrewjiang2"]
[Black "Blue-Elephant1"]
[Result "1/2-1/2"]
[ICCResult "Game drawn by mutual agreement"]
[WhiteElo "1922"]
[BlackElo "2120"]
[Opening "Sicilian defense"]
[ECO "B40"]
[NIC "SI.43"]
[Time "11:02:30"]
[PlyCount "51"]
[TimeControl "4500+10"]

1. e4 c5 2. Nf3 e6 3. c3 Nf6 4. e5 Nd5 5. d4 cxd4 6. cxd4 d6 7. Bd3 Nc6 8.
O-O dxe5 9. dxe5 Be7 10. a3 Bd7 11. Re1 Rc8 12. b4 a6 13. Bb2 O-O 14. Nbd2
Na7 15. Ne4 Bb5 16. Bxb5 Nxb5 17. Qd2 Nb6 18. Qf4 Nc4 19. Nf6+ Bxf6 20.
exf6 Nxb2 21. fxg7 Re8 22. Ng5 Qc7 23. Qh4 Qc2 24. Re4 Qc1+ 25. Re1 Qc2 26.
Re4 { Game drawn by mutual agreement } 1/2-1/2

[Event "ICC tourney 2266 (75 10)"]
[Site "Internet Chess Club"]
[Date "2021.01.02"]
[Round "1"]
[White "mr-sosa"]
[Black "KittiesRock18"]
[Result "1/2-1/2"]
[ICCResult "Game drawn by mutual agreement"]
[WhiteElo "2086"]
[BlackElo "1905"]
[Opening "QGD Slav: Dutch variation, main line"]
[ECO "D19"]
[NIC "SL.05"]
[Time "11:02:20"]
[PlyCount "128"]
[TimeControl "4500+10"]

1. d4 d5 2. c4 c6 3. Nf3 Nf6 4. Nc3 dxc4 5. a4 Bf5 6. e3 e6 7. Bxc4 Bb4 8.
O-O O-O 9. Qe2 Nbd7 10. e4 Bg6 11. e5 Nd5 12. Ne4 c5 13. Neg5 h6 14. Bxd5
exd5 15. e6 Qe7 16. exf7+ Rxf7 17. Qxe7 Rxe7 18. Nh3 Rf8 19. Be3 Bd3 20.
Rfc1 Be4 21. dxc5 Bxf3 22. gxf3 Ne5 23. f4 Ng4 24. Bd4 Re4 25. Rd1 Re2 26.
Kf1 Rc2 27. Rac1 Rxc1 28. Rxc1 Nxh2+ 29. Kg2 Ng4 30. Kf3 Nf6 31. c6 bxc6
32. Rxc6 Nd7 33. Rc7 Rf7 34. Rxa7 Ne5+ 35. Kg3 Rxa7 36. Bxa7 Nc6 37. Bb6
Kf7 38. f5 Kf6 39. Nf4 Ke5 40. Nd3+ Kxf5 41. Nxb4 Nxb4 42. Bc5 Nc2 43. a5
d4 44. Kf3 d3 45. a6 g5 46. a7 g4+ 47. Kg3 d2 48. a8=Q d1=Q 49. Qf8+ Kg6
50. Qe8+ Kf6 51. Be7+ Kf5 52. Qf7+ Ke5 53. Bf6+ Kd6 54. Qe7+ Kc6 55. Qe8+
Kc7 56. Be5+ Kb6 57. Qb8+ Kc6 58. Qc7+ Kb5 59. Qb7+ Kc5 60. Qc8+ Kb6 61.
Bc7+ Kb5 62. Qb7+ Kc4 63. b3+ Kd3 64. Qd5+ Nd4 { Game drawn by mutual
agreement } 1/2-1/2

[Event "ICC tourney 2266 (75 10)"]
[Site "Internet Chess Club"]
[Date "2021.01.02"]
[Round "1"]
[White "PawnEatingZombi"]
[Black "DLWarrior"]
[Result "1-0"]
[ICCResult "Black resigns"]
[WhiteElo "2190"]
[BlackElo "1968"]
[Opening "QGD semi-Slav: Chigorin defense"]
[ECO "D45"]
[NIC "SL.08"]
[Time "11:02:23"]
[PlyCount "95"]
[TimeControl "4500+10"]

1. d4 d5 2. c4 e6 3. Nc3 c6 4. e3 Nf6 5. Nf3 Bd6 6. Bd3 Nbd7 7. Qc2 O-O 8.
O-O dxc4 9. Bxc4 e5 10. h3 h6 11. Rd1 exd4 12. Nxd4 Ne5 13. Bb3 Qc7 14. f4
Ned7 15. Nf5 Bc5 16. Na4 Bb6 17. Nd6 Ba5 18. e4 b5 19. Nc3 Bb6+ 20. Kh1 Nc5
21. e5 Nxb3 22. axb3 Ne8 23. Nce4 Nxd6 24. exd6 Qd7 25. b4 Re8 26. Nc5 Bxc5
27. bxc5 Qb7 28. b4 Be6 29. Bb2 Bd5 30. Rxd5 cxd5 31. c6 Qb6 32. d7 Re7 33.
c7 Rxd7 34. c8=Q+ Rxc8 35. Qxc8+ Rd8 36. Qc5 Qxc5 37. bxc5 Rd7 38. Bd4 Rc7
39. Kg1 f6 40. Kf2 Kf7 41. Ke3 Kg6 42. g4 Re7+ 43. Kd3 Rc7 44. Ra6 h5 45.
Be3 b4 46. f5+ Kf7 47. c6 hxg4 48. hxg4 { Black resigns } 1-0

[Event "ICC tourney 2266 (75 10)"]
[Site "Internet Chess Club"]
[Date "2021.01.02"]
[Round "1"]
[White "AJM04"]
[Black "TjkTiger"]
[Result "1/2-1/2"]
[ICCResult "Game drawn by mutual agreement"]
[WhiteElo "2050"]
[BlackElo "2597"]
[Opening "Sicilian: closed"]
[ECO "B25"]
[NIC "SI.45"]
[Time "11:03:09"]
[PlyCount "40"]
[TimeControl "4500+10"]

1. e4 c5 2. Nc3 Nc6 3. g3 g6 4. Bg2 Bg7 5. d3 d6 6. Nh3 Nf6 7. O-O O-O 8.
f3 d5 9. Bg5 h6 10. Bd2 dxe4 11. dxe4 Qd4+ 12. Kh1 Rd8 13. Be1 Be6 14. Bf2
Qxd1 15. Rfxd1 Nd4 16. Nf4 Bc4 17. Rd2 e6 18. Rad1 Nd7 19. b3 Ba6 20. Na4
g5 { Game drawn by mutual agreement } 1/2-1/2

[Event "ICC tourney 2266 (75 10)"]
[Site "Internet Chess Club"]
[Date "2021.01.02"]
[Round "1"]
[White "Chesssaga"]
[Black "dpomerantz135"]
[Result "0-1"]
[ICCResult "White resigns"]
[WhiteElo "1995"]
[BlackElo "2238"]
[Opening "Sicilian defense"]
[ECO "B40"]
[NIC "SI.43"]
[Time "11:02:46"]
[PlyCount "84"]
[TimeControl "4500+10"]

1. e4 c5 2. Nf3 e6 3. g3 Nc6 4. Bg2 Nf6 5. Qe2 d6 6. O-O Be7 7. Rd1 O-O 8.
d4 cxd4 9. Nxd4 Nxd4 10. Rxd4 e5 11. Rd1 Bg4 12. Bf3 Be6 13. c4 Qc7 14. b3
a6 15. Bb2 Rac8 16. Nc3 Bd7 17. Rac1 Qa5 18. a3 b5 19. b4 Qb6 20. Nd5 Nxd5
21. cxd5 Bg5 22. Ra1 Rc4 23. Bc1 Bxc1 24. Raxc1 Rfc8 25. Rxc4 Rxc4 26. Rd2
Qc7 27. Qe3 Bh3 28. Rd1 Rc3 29. Rd3 Qc4 30. Be2 Rc1+ 31. Bd1 Qc2 32. Qf3
Bg4 33. Qxg4 Qxd3 34. Qd7 Rxd1+ 35. Kg2 Qxe4+ 36. f3 Qe2+ 37. Kh3 Qf1+ 38.
Kh4 Rd4+ 39. f4 g6 40. Kg5 Kg7 41. Qe7 h6+ 42. Kh4 exf4 { White resigns }
0-1

[Event "ICC tourney 2266 (75 10)"]
[Site "Internet Chess Club"]
[Date "2021.01.02"]
[Round "1"]
[White "ryanwang"]
[Black "GeorgeDai"]
[Result "0-1"]
[ICCResult "White resigns"]
[WhiteElo "1911"]
[BlackElo "2086"]
[Opening "Caro-Kann: Steinitz variation"]
[ECO "B17"]
[NIC "CK.08"]
[Time "11:02:20"]
[PlyCount "50"]
[TimeControl "4500+10"]

1. e4 c6 2. d4 d5 3. Nd2 dxe4 4. Nxe4 Nd7 5. Nf3 Ngf6 6. Ng3 e6 7. Bd3 Bd6
8. O-O O-O 9. b3 Qc7 10. Bb2 b6 11. Qe2 Bb7 12. c4 c5 13. Ne4 cxd4 14. Nxd6
Bxf3 15. Qxf3 Qxd6 16. Rad1 e5 17. Qg3 Nc5 18. Ba3 Rfd8 19. Rfe1 Re8 20.
Rd2 Qe6 21. Bxc5 bxc5 22. f3 Nh5 23. Qg5 Nf4 24. Bf5 Qf6 25. Qg4 h5 { White
resigns } 0-1

[Event "ICC tourney 2266 (75 10)"]
[Site "Internet Chess Club"]
[Date "2021.01.02"]
[Round "1"]
[White "gmRohde"]
[Black "KnightHawk8"]
[Result "1-0"]
[ICCResult "Black resigns"]
[WhiteElo "2440"]
[BlackElo "2028"]
[Opening "QGD semi-Slav: 5...Nd7"]
[ECO "D45"]
[NIC "SL.08"]
[Time "11:02:21"]
[PlyCount "63"]
[TimeControl "4500+10"]

1. Nf3 d5 2. c4 e6 3. d4 Nf6 4. Nc3 c6 5. e3 Nbd7 6. a3 Bd6 7. Bd3 O-O 8.
O-O b6 9. b4 Bb7 10. Rb1 dxc4 11. Bxc4 e5 12. h3 Rc8 13. Bb2 Bb8 14. Re1 h6
15. Qe2 exd4 16. exd4 Re8 17. Qd3 Qc7 18. Ba2 c5 19. d5 Ne5 20. Rxe5 Rxe5
21. Nb5 Qe7 22. Bxe5 Bxe5 23. Re1 Nd7 24. Qe3 a6 25. d6 Qf8 26. Nxe5 Nxe5
27. Qxe5 axb5 28. d7 Rd8 29. Qc7 c4 30. Qxd8 Qxd8 31. Re8+ Kh7 32. Rxd8 {
Black resigns } 1-0

[Event "ICC tourney 2266 (75 10)"]
[Site "Internet Chess Club"]
[Date "2021.01.02"]
[Round "1"]
[White "jy2020"]
[Black "annameiyappan"]
[Result "0-1"]
[ICCResult "White resigns"]
[WhiteElo "2213"]
[BlackElo "1994"]
[Opening "Scandinavian (center counter) defense"]
[ECO "B01"]
[NIC "SD.01"]
[Time "11:02:13"]
[PlyCount "110"]
[TimeControl "4500+10"]

1. e4 d5 2. exd5 Qxd5 3. Nc3 Qa5 4. d4 c6 5. Nf3 Nf6 6. Bc4 Bf5 7. Ne5 e6
8. g4 Be4 9. O-O Bd5 10. Nxd5 cxd5 11. Bd3 Nc6 12. c3 Bd6 13. Qe2 Qc7 14.
f4 Nd7 15. Bd2 Bxe5 16. fxe5 Nf8 17. Rf3 O-O-O 18. Raf1 Rd7 19. Qf2 Ng6 20.
Bb1 Nd8 21. Bc2 Ne7 22. b3 Nec6 23. Bc1 h5 24. h3 hxg4 25. hxg4 g6 26. Bg5
f5 27. Bf6 Rh6 28. Qg2 Rdh7 29. Rg3 Rh2 30. Qxh2 Rxh2 31. Kxh2 Nxd4 32.
cxd4 Qxc2+ 33. Rg2 Qe4 34. gxf5 exf5 35. Rxg6 Qe2+ 36. Kg1 Qe3+ 37. Rf2
Qe1+ 38. Kg2 Qe4+ 39. Kh2 f4 40. Rg7 f3 41. Rg3 Ne6 42. Rfxf3 Nf4 43. Rc3+
Kd7 44. e6+ Nxe6 45. Rce3 Qh7+ 46. Kg1 Qb1+ 47. Kf2 Qf5+ 48. Rgf3 Qh7 49.
Rh3 Qf5+ 50. Rhf3 Qh7 51. Rg3 Qf5+ 52. Ref3 Qc2+ 53. Kg1 Qd2 54. Rf2 Qe1+
55. Rf1 Qxg3+ { White resigns } 0-1

[Event "ICC tourney 2266 (75 10)"]
[Site "Internet Chess Club"]
[Date "2021.01.02"]
[Round "1"]
[White "KRASAVCHIK"]
[Black "AHSRULES"]
[Result "1-0"]
[ICCResult "Black resigns"]
[WhiteElo "2648"]
[BlackElo "2078"]
[Opening "Sicilian: closed, 2...Nc6"]
[ECO "B23"]
[NIC "SI.44"]
[Time "11:02:16"]
[PlyCount "193"]
[TimeControl "4500+10"]

1. e4 c5 2. Nc3 Nc6 3. Bb5 d6 4. Bxc6+ bxc6 5. d3 Nf6 6. f4 g6 7. Nf3 Bg7
8. O-O O-O 9. Qe1 Bg4 10. Nd2 Bd7 11. Qh4 Nh5 12. Nf3 Bf6 13. Qf2 Bg4 14.
Be3 Rb8 15. Rab1 Bxc3 16. bxc3 Qc7 17. Nd2 Rxb1 18. Rxb1 Bd7 19. f5 Qa5 20.
Bh6 Re8 21. Rf1 f6 22. c4 Qxa2 23. Nf3 Qb2 24. Bc1 Qc3 25. g4 Ng7 26. Qd2
Qxd2 27. Bxd2 Ra8 28. Rb1 Bc8 29. Ba5 Kf7 30. Kf2 h5 31. h3 g5 32. Ke3 h4
33. Nd2 Ke8 34. Nb3 e5 35. Bc3 Kd7 36. Na5 Ne8 37. Be1 Nc7 38. Kd2 Na6 39.
Ra1 Nb8 40. Bf2 Kc7 41. Nb3 Nd7 42. Be3 Nb6 43. Ra5 Nd7 44. Ra2 Nb6 45. c3
Bd7 46. Ra6 Bc8 47. Ra1 Bd7 48. Kc2 Bc8 49. Na5 Nd7 50. Nb3 Nb6 51. Ra5 Bb7
52. Nd2 Bc8 53. Nf3 Bb7 54. Kd2 Nd7 55. Ke2 Kb6 56. Ra1 a5 57. Kd2 a4 58.
Kc2 Kc7 59. Rf1 d5 60. Nd2 d4 61. Bf2 Kd6 62. Rb1 Bc8 63. Ra1 Nb6 64. Be1
Nd7 65. Nf3 Ke7 66. Bd2 Kd6 67. Bc1 Ke7 68. Rb1 Kd6 69. Ba3 dxc3 70. Ra1
Nb6 71. Kxc3 Nd7 72. Kc2 Nb6 73. Rd1 Nd7 74. Kc3 Rb8 75. Kc2 Ra8 76. Ng1
Rb8 77. Ne2 Ra8 78. Nc3 Bb7 79. Rb1 Bc8 80. Rb2 Ra7 81. Ra2 Nb6 82. Ra1 Nd7
83. Rd1 Nb6 84. d4 Nd7 85. dxc5+ Ke7 86. Rd6 Ra6 87. Na2 Bb7 88. Nb4 Ra5
89. Nxc6+ Bxc6 90. Rxc6 Kf7 91. Rc7 Ke8 92. Rc8+ Kf7 93. Kc3 Ra7 94. c6 Nb6
95. Rb8 Nd7 96. cxd7 Rxd7 97. c5 { Black resigns } 1-0

[Event "ICC tourney 2266 (75 10)"]
[Site "Internet Chess Club"]
[Date "2021.01.02"]
[Round "1"]
[White "BlueJay01"]
[Black "rayxu"]
[Result "1-0"]
[ICCResult "Black resigns"]
[WhiteElo "2098"]
[BlackElo "1915"]
[Opening "English opening"]
[ECO "A20"]
[NIC "EO.24"]
[Time "11:02:27"]
[PlyCount "53"]
[TimeControl "4500+10"]

1. c4 e5 2. g3 Nf6 3. Bg2 Nc6 4. Nc3 Bb4 5. Nd5 Nxd5 6. cxd5 Ne7 7. e3 c6
8. Qg4 Bc5 9. Qxg7 Ng6 10. Qh6 Qe7 11. Qh5 cxd5 12. Bxd5 d6 13. Qd1 Be6 14.
Bg2 d5 15. d3 O-O 16. Ne2 Rfd8 17. O-O Nf8 18. d4 exd4 19. Nxd4 Nd7 20.
Nxe6 fxe6 21. Bd2 Nf6 22. Bc3 Rac8 23. Qa4 Rf8 24. Rad1 a6 25. Qh4 b5 26.
Bh3 Ne4 27. Qxe7 { Black resigns } 1-0

[Event "ICC tourney 2266 (75 10)"]
[Site "Internet Chess Club"]
[Date "2021.01.02"]
[Round "1"]
[White "SuperPuzzler"]
[Black "edmehu"]
[Result "0-1"]
[ICCResult "White resigns"]
[WhiteElo "1969"]
[BlackElo "2212"]
[Opening "Sicilian: accelerated fianchetto, modern variation"]
[ECO "B34"]
[NIC "SI.33"]
[Time "11:02:16"]
[PlyCount "134"]
[TimeControl "4500+10"]

1. e4 c5 2. Nf3 Nc6 3. d4 cxd4 4. Nxd4 g6 5. Nc3 Bg7 6. Be3 Nf6 7. Be2 O-O
8. O-O d5 9. exd5 Nb4 10. Qd2 Nbxd5 11. Nxd5 Nxd5 12. Bh6 e5 13. Nf3 Nf4
14. Bxf4 exf4 15. Qxf4 Bxb2 16. Rad1 Qf6 17. Qg3 Bf5 18. Bd3 Rad8 19. Bxf5
Qxf5 20. Rxd8 Rxd8 21. Qc7 Rd7 22. Qc8+ Kg7 23. h3 b6 24. Re1 Bf6 25. Qc4
Rd5 26. Re2 Rc5 27. Qd3 Qxd3 28. cxd3 Rd5 29. Rd2 Bc3 30. Rd1 b5 31. Kf1 b4
32. Ke2 Ra5 33. d4 Rxa2+ 34. Ke3 b3 35. Kd3 b2 36. Kc2 Ra1 37. Rb1 a5 38.
d5 Kf6 39. d6 a4 40. d7 Ke7 41. Nd2 Bxd2 42. Rxb2 Bg5 43. Rb5 Bf6 44. Rb7
a3 45. d8=Q+ Kxd8 46. Rxf7 a2 47. Ra7 Rf1 48. Rxa2 Rxf2+ 49. Kb3 Rf4 50.
Re2 Kd7 51. Kc2 Kd6 52. Kd3 Be5 53. Ra2 Ke6 54. Ke3 Kf5 55. g4+ Kf6 56.
Ra6+ Kg7 57. Ra5 Bc7 58. Ra7 Rf7 59. Ke2 Kh6 60. h4 Kg7 61. Rb7 Bg3 62.
Rxf7+ Kxf7 63. h5 Kf6 64. Kf3 Bc7 65. Kg2 Kg5 66. Kh3 Bd6 67. h6 Be5 {
White resigns } 0-1

[Event "ICC tourney 2266 (75 10)"]
[Site "Internet Chess Club"]
[Date "2021.01.02"]
[Round "1"]
[White "randomusername"]
[Black "yanzhe"]
[Result "1-0"]
[ICCResult "Black resigns"]
[WhiteElo "2132"]
[BlackElo "1929"]
[Opening "QGD: Tarrasch, Prague variation, Normal position"]
[ECO "E06"]
[NIC "TD.04"]
[Time "11:02:14"]
[PlyCount "119"]
[TimeControl "4500+10"]

1. d4 d5 2. c4 e6 3. Nf3 Nf6 4. g3 Be7 5. Bg2 O-O 6. O-O c5 7. cxd5 exd5 8.
Nc3 Nc6 9. b3 b6 10. Bb2 Bb7 11. Rc1 Qd7 12. Ne5 Qe6 13. Nb5 Rfc8 14. e3 a6
15. Nc3 Rd8 16. Nxc6 Bxc6 17. Ne2 Bb5 18. dxc5 Bxe2 19. Qxe2 bxc5 20. Rfd1
Rac8 21. Rc2 Ne4 22. f3 Nf6 23. Rcd2 c4 24. Bd4 cxb3 25. axb3 Rb8 26. Rd3
Rb5 27. f4 Ne4 28. Be5 f6 29. Bd4 Rdb8 30. Qc2 Rc8 31. Qa2 Bc5 32. Bxc5
Rbxc5 33. b4 Rc2 34. Qxd5 Qxd5 35. Rxd5 Nc3 36. Rd8+ Rxd8 37. Rxd8+ Kf7 38.
Ra8 Rb2 39. Rxa6 Rxb4 40. Bh3 Re4 41. Bf5 Rxe3 42. Bxh7 Nd5 43. Ra7+ Ne7
44. Kf2 Rb3 45. Be4 Rb2+ 46. Kg1 Kf8 47. h4 Rd2 48. h5 Re2 49. Ra8+ Kf7 50.
Bd3 Re1+ 51. Kf2 Rc1 52. Ke3 Ke6 53. Ra6+ Kd5 54. Be4+ Kc5 55. Ra7 Re1+ 56.
Kf3 Kd6 57. Ra6+ Kd7 58. Ra7+ Kd6 59. Bg6 Rb1 60. Bxb1 { Black resigns }
1-0

[Event "ICC tourney 2266 (75 10)"]
[Site "Internet Chess Club"]
[Date "2021.01.02"]
[Round "1"]
[White "marble"]
[Black "vedrau"]
[Result "1-0"]
[ICCResult "Black resigns"]
[WhiteElo "2508"]
[BlackElo "2042"]
[Opening "Vienna: Paulsen-Mieses variation"]
[ECO "C26"]
[NIC "VG.01"]
[Time "11:02:22"]
[PlyCount "101"]
[TimeControl "4500+10"]

1. e4 e5 2. Nc3 Nf6 3. g3 d5 4. exd5 Nxd5 5. Bg2 Nb6 6. Nf3 Nc6 7. O-O Be7
8. Re1 f6 9. d4 Bg4 10. dxe5 Qxd1 11. Nxd1 O-O-O 12. exf6 Bxf6 13. Ne3 Bh5
14. c3 Nd7 15. Nd5 Nc5 16. Nxf6 gxf6 17. Bh6 Rd3 18. Nh4 Rhd8 19. h3 a5 20.
g4 Bf7 21. Nf5 Ne6 22. Be3 Ne5 23. Nd4 Nxd4 24. cxd4 Nc4 25. Be4 R3xd4 26.
Bxd4 Rxd4 27. Bxh7 Bd5 28. Bf5+ Kb8 29. Be6 Nxb2 30. Bxd5 Rxd5 31. Re3 c5
32. Rb1 Nc4 33. Re7 b6 34. Rbe1 Ne5 35. Re3 c4 36. f4 Nc6 37. R7e6 Kb7 38.
a4 Nd4 39. Rxf6 Rd7 40. Kf2 Rc7 41. Rc3 b5 42. axb5 Nxb5 43. Rc1 c3 44. g5
Nd4 45. g6 Nb3 46. Rc2 Nd4 47. Rf7 Nxc2 48. Rxc7+ Kxc7 49. g7 Ne3 50. Kxe3
c2 51. Kd2 { Black resigns } 1-0

[Event "ICC tourney 2266 (75 10)"]
[Site "Internet Chess Club"]
[Date "2021.01.02"]
[Round "1"]
[White "greenninja"]
[Black "profofchess"]
[Result "0-1"]
[ICCResult "White resigns"]
[WhiteElo "2025"]
[BlackElo "2338"]
[Opening "French: Tarrasch"]
[ECO "C03"]
[NIC "FR.14"]
[Time "11:03:09"]
[PlyCount "86"]
[TimeControl "4500+10"]

1. e4 e6 2. d4 d5 3. Nd2 e5 4. dxe5 dxe4 5. Nxe4 Qxd1+ 6. Kxd1 Nc6 7. f4 f6
8. exf6 gxf6 9. c3 Bf5 10. Bd3 O-O-O 11. Kc2 Nh6 12. Nf3 Rxd3 13. Kxd3 Ng4
14. Be3 Bh6 15. Rhe1 Rd8+ 16. Nd4 Nxh2 17. Bg1 Bxf4 18. Bxh2 Bxh2 19. Ke3
Nxd4 20. cxd4 Bg6 21. Nxf6 Bg3 22. Rf1 Bh4 23. Rf3 Bg5+ 24. Kf2 Rxd4 25.
Re1 b6 26. g3 a5 27. Re5 Bc1 28. Re2 a4 29. Rc3 Bg5 30. Rf3 Kb7 31. Re5 Bc1
32. Re2 c6 33. b3 a3 34. Rc3 Bg5 35. Re7+ Ka6 36. Rxc6 Rd2+ 37. Re2 Rxe2+
38. Kxe2 Kb5 39. Re6 Bh6 40. Nd7 Kb4 41. Nxb6 Kc3 42. Nc4 Bf8 43. Re7 Bxe7
{ White resigns } 0-1

[Event "ICC tourney 2266 (75 10)"]
[Site "Internet Chess Club"]
[Date "2021.01.02"]
[Round "1"]
[White "RogerZ"]
[Black "Ambuli123"]
[Result "1/2-1/2"]
[ICCResult "Game drawn by mutual agreement"]
[WhiteElo "1930"]
[BlackElo "2159"]
[Opening "Sicilian: Taimanov variation"]
[ECO "B48"]
[NIC "SI.40"]
[Time "11:02:21"]
[PlyCount "95"]
[TimeControl "4500+10"]

1. e4 c5 2. Nf3 e6 3. d4 cxd4 4. Nxd4 Nc6 5. Nc3 Qc7 6. Be3 a6 7. f3 Nf6 8.
Qd2 Be7 9. O-O-O b5 10. g4 Nxd4 11. Qxd4 Bb7 12. g5 Nh5 13. Bh3 Rc8 14. Bg4
b4 15. Bxh5 bxc3 16. Qxg7 cxb2+ 17. Kxb2 Qxc2+ 18. Ka1 Rf8 19. Rc1 Qd3 20.
Rxc8+ Bxc8 21. Rc1 Bb7 22. Qc3 Qxc3+ 23. Rxc3 Bd6 24. Rb3 Bc6 25. h3 Ke7
26. Bd4 e5 27. Bb2 f6 28. Rd3 Bb8 29. Ba3+ d6 30. gxf6+ Rxf6 31. Rc3 Bd7
32. Bc1 h6 33. Bg4 Kd8 34. Rb3 Bc7 35. Be3 Kc8 36. Bf2 Bxg4 37. hxg4 h5 38.
g5 Rg6 39. Bh4 Bd8 40. Rb1 Kd7 41. Rg1 Ke6 42. Kb2 Bb6 43. Rg2 d5 44. exd5+
Kxd5 45. Kc3 Ke6 46. Kc4 Be3 47. Kd3 Bf4 48. Ke4 { Game drawn by mutual
agreement } 1/2-1/2

[Event "ICC tourney 2266 (75 10)"]
[Site "Internet Chess Club"]
[Date "2021.01.02"]
[Round "1"]
[White "e4f5"]
[Black "icyblizzard"]
[Result "0-1"]
[ICCResult "White resigns"]
[WhiteElo "2260"]
[BlackElo "2018"]
[Opening "Pirc: classical system, 5.Be2"]
[ECO "B08"]
[NIC "PU.03"]
[Time "11:02:22"]
[PlyCount "178"]
[TimeControl "4500+10"]

1. e4 d6 2. d4 Nf6 3. Nc3 g6 4. Nf3 Bg7 5. Be2 O-O 6. O-O c6 7. a4 a5 8. h3
Na6 9. Be3 Nb4 10. Qd2 Qc7 11. Rad1 Re8 12. Bh6 e5 13. Bc4 Be6 14. Bxe6
Rxe6 15. d5 Re7 16. dxc6 Qxc6 17. Bg5 Rd7 18. Rfe1 Ne8 19. Qe2 Nc7 20. Rd2
f6 21. Be3 d5 22. exd5 Nbxd5 23. Nxd5 Nxd5 24. Red1 Rad8 25. Qb5 Qxb5 26.
axb5 f5 27. c4 Nf6 28. Rxd7 Rxd7 29. Rxd7 Nxd7 30. c5 Nb8 31. Ng5 Bf6 32.
Kf1 a4 33. Ke2 e4 34. Bc1 h6 35. Ne6 Kf7 36. Nc7 Bd4 37. Nd5 Bxc5 38. Nc3
Bd4 39. Nxa4 g5 40. Nc3 Nd7 41. h4 Kf6 42. hxg5+ hxg5 43. Bd2 Nc5 44. f3
exf3+ 45. gxf3 Ne6 46. b4 Ke5 47. Kd3 g4 48. fxg4 fxg4 49. Ne4 Bb6 50. Ng3
Nf4+ 51. Kc4 Bf2 52. Nf1 g3 53. Nxg3 Bxg3 54. Be3 Ne6 55. b6 Kd6 56. b5 Bf4
57. Bf2 Bc1 58. Bg3+ Kd7 59. Bf2 Kc8 60. Kd5 Nf8 61. Bd4 Nd7 62. Kd6 Ba3+
63. Ke6 Bc5 64. Bc3 Bxb6 65. Bb4 Bc5 66. Bc3 Nb6 67. Be5 Be3 68. Bd6 Nd7
69. Kd5 Bb6 70. Ke6 Bc7 71. Be7 Bg3 72. Bb4 Kc7 73. Ba5+ Nb6 74. Ke7 Bd6+
75. Ke6 Bc5 76. Bc3 Bd6 77. Ba5 Ba3 78. Kf7 Bc5 79. Ke6 Kd8 80. Bc3 Na8 81.
Kd5 Be7 82. Be5 Kd7 83. Bb8 Nb6+ 84. Kd4 Bd6 85. Ba7 Nc8 86. b6 Kc6 87. Kc4
Bc7 88. Kb3 Bxb6 89. Bb8 Bc7 { White resigns } 0-1